 Dungeon Crawl Stone Soup version 0.19.5 (webtiles) character file.

63 Inarius the Covered (level 3, -3/33 HPs)
             Began as a Minotaur Fighter on Apr 9, 2017.
             Slain by Inarius's ghost (9 damage)
             ... on level 3 of the Dungeon.
             The game lasted 00:05:58 (1277 turns).

Inarius the Covered (Minotaur Fighter)              Turns: 1277, Time: 00:05:59

Health: -3/33      AC:  9    Str: 25    XL:     3   Next: 87%
Magic:  2/2        EV:  6    Int:  5    God:
Gold:   46         SH: 10    Dex: 10    Spells: 0 memorised, 2 levels left

rFire  . . .     SeeInvis .     a - +0 war axe
rCold  . . .     Gourm    .     h - +0 chain mail
rNeg   . . .     Faith    .     c - +0 shield
rPois  .         Spirit   .     (helmet restricted)
rElec  .         Reflect  .     (no cloak)
rCorr  .         Harm     .     (no gloves)
MR     .....                    (no boots)
Stlth  ..........               j - amulet of magic regeneration
                                (no ring)
                                (no ring)

@: mighty
A: retaliatory headbutt, horns 2
a: no special abilities


You were on level 3 of the Dungeon.
You were not hungry.

You visited 1 branch of the dungeon, and saw 3 of its levels.

You collected 46 gold pieces.

Inventory:

Hand Weapons
 a - a +0 war axe (weapon)
 p - a +0 hunting sling
Missiles
 g - 130 stones (quivered)
Armour
 c - a +0 shield (worn)
 h - a +0 chain mail (worn)
 t - a +2 pair of gloves
Jewellery
 j - an amulet of magic regeneration (around neck)
Scrolls
 e - a scroll of amnesia {unknown}
 k - 3 scrolls of fear {unknown}
 m - a scroll of enchant armour {unknown}
 n - a scroll of noise {unknown}
 o - a scroll of teleportation {unknown}
 r - a scroll of random uselessness {unknown}
 s - a scroll of remove curse {unknown}
Potions
 b - a potion of haste {unknown}
 i - a potion of lignification {unknown}
 l - 2 potions of invisibility {unknown}
Comestibles
 f - a bread ration
 q - 5 chunks of flesh


   Skills:
 + Level 4.2 Fighting
 + Level 3.0 Axes
 + Level 4.4 Armour
 + Level 4.3 Shields


You had 2 spell levels left.
You didn't know any spells.

Dungeon Overview and Level Annotations

Branches:
Dungeon (3/15)

Altars:
Uskayaw

Annotations:
D:2 Sigmund
D:3 Inarius's ghost, amateur MiFi


Innate Abilities, Weirdness & Mutations

You reflexively headbutt those who attack you in melee.
You have a pair of horns on your head.


Message History

You feel very mighty all of a sudden. Inarius's ghost hits you.
You barely miss Inarius's ghost.
Inarius's ghost is moderately damaged.
Inarius's ghost hits you.
You barely miss Inarius's ghost. Your headbutt misses Inarius's ghost.
Inarius's ghost is moderately damaged.
You block Inarius's ghost's attack.
Inarius's ghost hits you but does no damage.
You barely miss Inarius's ghost.
You headbutt Inarius's ghost, but do no damage.
Inarius's ghost is moderately damaged.
Inarius's ghost hits you.
Your shield and chain mail prevent you from hitting Inarius's ghost.
Your headbutt misses Inarius's ghost.
Inarius's ghost is moderately damaged.
Inarius's ghost hits you!
* * * LOW HITPOINT WARNING * * *
Inarius's ghost hits you!
You die...

######### ##### #.......#
....##### ###.....#.# ######
....'...#####.........### #...).
....###.#...'.........'.# #.####
#'#####.#.#...........#.####...#
#.....#...#.####@W...........#.#
......#####.#.(#...#####.#.....##
........###.#.(#._..##...#.#.##<#
..........+.#..#.......>..[.....[
......#.###.####.....#.###.#....#
....>.....'.....รท..............##
#####...###.......##.####........
##### #.......#.......####.#.
#.......######## ....


You could see 2 dancing weapons and Inarius's ghost.

Vanquished Creatures
  A gnoll (D:1)
  2 adders (D:2)
  An orc (D:3)
  A bat (D:1)
  4 giant cockroaches
  3 goblins
  5 hobgoblins (D:1)
  A quokka (D:2)
  A ball python (D:1)
  2 frilled lizards
  5 kobolds
  6 rats
32 creatures vanquished.

Notes
Turn   | Place    | Note
-------+----------+-------------------------------------------
     0 | D:1      | Inarius the Minotaur Fighter began the quest for the Orb.
     0 | D:1      | Reached XP level 1. HP: 19/19 MP: 0/0
    15 | D:1      | Reached XP level 2. HP: 25/27 MP: 1/1
   456 | D:1      | Reached XP level 3. HP: 33/33 MP: 2/2
  1089 | D:2      | Noticed Sigmund
  1179 | D:3      | Noticed a hand axe
  1180 | D:3      | Noticed a dagger
  1180 | D:3      | Found a hide-covered altar of Uskayaw.
  1262 | D:3      | Noticed Inarius's ghost (amateur MiFi)
  1277 | D:3      | Slain by Inarius's ghost

Skill      XL: |  1  2  3 |
---------------+----------+-----
Shields        | 4 |  4.3
Fighting       | 4 |  4.2
Armour         | 4 |  4.4
Axes           | 3 |  3.0

Action                   || total
-------------------------++-------
Melee: War axe           ||    85
       Headbutt          ||     9
Throw: Stone             ||     7
  Use: Potion            ||     1
  Eat: Chunk             ||     1
Armor: Scale mail        ||     4
       Chain mail        ||    29
Dodge: Dodged            ||    20
Block: Shield            ||    39
